 Dungeon Crawl Stone Soup version 0.28-a0-1505-g8c907de6ad (webtiles) character file.

Game seed: 3012886880655670025

5 wakim the Skirmisher (level 1, 0/19 HPs)
             Began as a Palentonga Fighter on Jan 13, 2022.
             Slain by a gnoll (5 damage)
             ... on level 1 of the Dungeon.
             The game lasted 00:00:54 (172 turns).

wakim the Skirmisher (Palentonga Fighter)            Turns: 172, Time: 00:00:55

Health: 0/19       AC:  6    Str: 19    XL:     1   Next: 66%
Magic:  1/1        EV:  7    Int:  8    God:
Gold:   24         SH:  4    Dex:  9    Spells: 0/0 levels left

rFire   . . .      SeeInvis +   a - +0 flail
rCold   . . .      Faith    .   c - +0 buckler
rNeg    . . .      Spirit   .   b - +0 scale mail
rPois   .          Reflect  .   (no helmet)
rElec   .          Harm     .   (no cloak)
rCorr   .          Rampage  .   (no gloves)
Will    .....                   (no barding)
Stlth   ..........              (no amulet)
HPRegen 0.06/turn               (no ring)
MPRegen 0.07/turn               (no ring)

@: no status effects
A: large, rugged brown scales 3, see invisible, deformed body, roll 1, armoured
tail
a: Rolling Charge


You were on level 1 of the Dungeon.
You visited 1 branch of the dungeon, and saw 1 of its levels.

You collected 24 gold pieces.

Inventory:

Hand Weapons
 a - a +0 flail (weapon)
Armour
 b - a +0 scale mail (worn)
 c - a +0 buckler (worn)
Potions
 N - a potion of might
 O - a potion of lignification {unknown}


   Skills:
 + Level 3.0 Fighting
 * Level 2.2 Maces & Flails
 + Level 2.4 Armour
 + Level 2.4 Shields


You couldn't memorise any spells.
You didn't know any spells.
Your spell library was empty.

Dungeon Overview and Level Annotations

Branches:
Dungeon (1/15)

Altars:


Innate Abilities, Weirdness & Mutations

You are completely covered in rugged brown scales. (AC +3, +7% HP)
You have supernaturally acute eyesight. (SInv)
Armour fits poorly on your strangely shaped body.
You can roll at nearby foes to attack.
You have a long armoured tail.


Message History

The gnoll closely misses you. The gnoll hits you with a +0 flail!
Ouch! That really hurt!
* * * LOW HITPOINT WARNING * * *
Things that are here:
a +0 club; a goblin corpse The quokka bites you.
* * * LOW HITPOINT WARNING * * *
You barely miss the quokka.
The quokka bites you but does no damage.
You barely miss the quokka.
Your tail-slap misses the quokka.
The quokka barely misses you.
The quokka bites you but does no damage.
You hit the quokka but do no damage. The quokka bites you.
* * * LOW HITPOINT WARNING * * *
You hit the quokka.
The quokka is severely wounded.
The quokka bites you but does no damage.
The quokka barely misses you.
You closely miss the quokka. You tail-slap the quokka.
You kill the quokka!
The bat hits you but does no damage.
Unknown command.
The bat hits you but does no damage. The bat hits you but does no damage.
The bat closely misses you. You block the bat's attack.
You barely miss the bat. The bat hits you but does no damage.
The bat barely misses you.
You closely miss the bat. You tail-slap the bat.
You kill the bat!
The endoplasm jiggles.
Roll where?
Press: ? - help, Dir - move target, f - gnoll
Aim: a gnoll, wielding a +0 flail You roll forward with a clatter of scales!
You barely miss the gnoll. The gnoll barely misses you.
You hit the gnoll.
The gnoll is lightly wounded.
The gnoll hits you with a +0 flail.
You die...

#............#
######..######.#
..###.## #..# #.##...#
#.## #.##...# #.#
######......#####.#
#...........).....#
#......†....#####.#
#...........°@gJ..#
####........#######..#
............##...##..#
≈≈≈.........#.....#..#
≈≈≈≈.................#
≈≈≈≈≈.......#.....#..#
≈≈≈≈≈#......##...##..#
#≈≈≈≈#......###.###.##
##≈≈≈######.........#


You could see a gnoll and an endoplasm.

Vanquished Creatures
  An endoplasm (D:1)
  A goblin (D:1)
  A quokka (D:1)
  A bat (D:1)
  A rat (D:1)
5 creatures vanquished.

Notes
Turn   | Place    | Note
-------+----------+-------------------------------------------
     0 | D:1      | wakim the Palentonga Fighter began the quest for the Orb.
     0 | D:1      | Reached XP level 1. HP: 19/19 MP: 1/1
   172 | D:1      | Slain by a gnoll

Illustrated notes

Levels and vault maps discovered:
D:1:      giann_bridges, layout_rooms, serial_rivers,
          chequers_serial_rivers_micro_c, chequers_serial_rivers_small_b,
          chequers_serial_rivers_large_a, chequers_serial_rivers_room_b,
          minmay_misc_feat_enclosed, minivault_5

Action                   || total
-------------------------++-------
Melee: Flail             ||    16
       Tailslap          ||     3
 Abil: Rolling Charge    ||     4
Armor: Scale mail        ||    11
Dodge: Dodged            ||    11
Block: Buckler           ||     1

Table legend: (Time is in decaauts)
 A = Elapsed time spent in this place.
 B = Non-inter-level travel time spent in this place.
 C = Inter-level travel time spent in this place.
 D = Time resting spent in this place.
 E = Time spent auto-exploring this place.
 F = Levels seen in this place.
 G = Mean time per level.
                   A        B        C        D        E       F      G
               +--------+--------+--------+--------+--------+-----+--------+
         Total |    182 |    182 |      0 |      0 |     92 |   1 |  182.0 |
       Dungeon |    182 |    182 |      0 |      0 |     92 |   1 |  182.0 |
               +--------+--------+--------+--------+--------+-----+--------+

Top non-repeatable levels by time:
     D:1: 182 daAuts
